Blues vs Nordiques
Created - December 23, 2019 at 19:08
Goals
|
| Blues |
0 |
1 |
2 |
3 |
| Nordiques |
1 |
2 |
2 |
5 |
|
Shots
|
| Blues |
7 |
11 |
18 |
36 |
| Nordiques |
4 |
14 |
13 |
31 |
|
1st period
1. Nordiques , Jiri Hudler 7 (Maxim Talbot 18) at 17:49
Penalties :
Jay Bouwmeester (Que) for Holding (Minor) at 7:52
2nd period
2. Nordiques , R.J. Umberger 12 (Maxim Talbot 19) at 0:29
3. Nordiques , David Legwand 5 (Vladimir Tarasenko 16, Ryan Ellis 29) at 0:41
4. Blues , Travis Zajac 9 (Jake Gardiner 10) at 7:00
Penalties :
David Perron (STL) for Roughing (Minor) at 1:43, Simon Gagné (STL) for Tripping (Minor) at 8:24, Sergei Shirokov (STL) for High sticking (Minor) at 14:20
3rd period
5. Blues , David Perron 11 (Alex Pietrangelo 26, Nicklas Backstrom 19) at 0:22
6. Nordiques , Mike Fisher 2 (Mike Brown 6, Dustin Byfuglien 6) at 9:26
7. Blues , David Perron 12 (Jake Gardiner 11, Alex Pietrangelo 27) at 10:38 (PP)
8. Nordiques , David Legwand 6 (Ryan Ellis 30, Evander Kane 15) at 13:36 (PP)
Penalties :
Maxim Talbot (Que) for Hooking (Minor) at 6:13, Trevor Daley (Que) for High sticking (Minor) at 9:57, Nicklas Backstrom (STL) for Holding (Minor) at 13:01, Mike Brown (Que) for Slashing (Minor) at 17:45
Goalie Stats
Carey Price (STL), 26 saves from 31 shots - (0.839), L, 6-12-3, 60:00 minutes
Jonathan Quick (Que), 33 saves from 36 shots - (0.917), W, 9-6-2, 60:00 minutes
Players Stats for Blues
Player Name G A P +/- PIM S H SB GA TA FO MP PP MP PK MP
------------------------------------------------------------------------------------
Alex Pietrangelo 0 2 2 -1 0 5 2 3 2 1 0/0 27:55 4:03 4:06
Chad Larose 0 0 0 0 0 1 1 0 0 0 1/1 8:59 0:00 1:26
Cody Ceci 0 0 0 -1 0 0 0 1 0 0 0/0 25:54 0:00 4:06
David Perron 2 0 2 -2 2 7 1 0 1 0 0/0 21:26 2:40 0:21
Dougie Hamilton 0 0 0 -1 0 1 1 1 1 0 0/0 16:50 2:35 0:00
Drew Shore 0 0 0 0 0 2 1 0 0 0 2/3 7:32 0:00 0:11
Filip Forsberg 0 0 0 0 0 2 3 0 0 0 0/0 16:46 3:58 1:19
Jake Gardiner 0 2 2 -1 0 2 1 3 1 0 0/0 22:00 4:03 2:26
Jordan Eberle 0 0 0 0 0 1 0 1 2 0 1/1 19:31 3:58 4:17
Linus Omark 0 0 0 0 0 2 1 0 0 0 0/0 7:12 0:00 0:00
Nicklas Backstrom 0 1 1 -2 2 3 1 1 0 0 11/35 21:51 3:58 0:00
Rickard Rakell 0 0 0 0 0 2 1 0 0 0 0/0 9:48 0:00 0:00
Riley Sheahan 0 0 0 0 0 3 1 0 0 0 4/5 9:55 0:00 0:00
Sergei Shirokov 0 0 0 -2 2 1 1 1 2 0 0/0 20:53 2:40 0:00
Shayne Gostisbehere 0 0 0 0 0 0 0 0 0 0 0/0 14:14 2:35 0:00
Simon Gagné 0 0 0 0 2 2 1 1 1 0 0/0 11:08 0:00 1:13
Travis Zajac 1 0 1 0 0 1 1 1 0 0 6/18 18:23 2:40 4:17
Yann Sauvé 0 0 0 0 0 1 0 0 0 0 0/0 13:07 0:00 2:26
Players Stats for Nordiques
Player Name G A P +/- PIM S H SB GA TA FO MP PP MP PK MP
------------------------------------------------------------------------------------
Adam Pineault 0 0 0 0 0 0 2 0 0 0 0/0 9:51 0:00 0:00
Cody McLeod 0 0 0 0 0 0 1 0 0 0 0/2 11:03 0:00 1:04
David Legwand 2 0 2 -1 0 2 1 0 0 1 23/30 20:04 4:07 1:28
Dustin Byfuglien 0 1 1 2 0 0 1 0 0 0 0/0 12:55 0:00 1:20
Evander Kane 0 1 1 -1 0 8 2 1 0 1 0/0 22:43 4:07 3:55
Fedor Tyutin 0 0 0 1 0 1 2 0 0 2 0/0 20:52 2:32 2:43
Jay Bouwmeester 0 0 0 -1 2 2 1 2 0 2 0/0 26:28 4:00 2:41
Jiri Hudler 1 0 1 2 0 1 2 1 0 0 0/0 14:33 2:25 0:00
Maxim Talbot 0 2 2 2 2 2 1 0 0 0 6/13 14:55 2:25 0:00
Mike Brown 0 1 1 1 2 1 1 1 0 0 0/0 10:00 0:00 0:00
Mike Fisher 1 0 1 1 0 1 0 0 0 0 2/4 11:30 0:00 1:30
Paul Gaustad 0 0 0 0 0 0 2 0 0 0 3/6 9:50 0:00 0:00
R.J. Umberger 1 0 1 2 0 2 2 0 0 0 0/0 16:11 2:25 1:28
Ryan Ellis 0 2 2 -1 0 6 1 1 0 1 0/0 27:21 4:00 3:55
T.J. Fast 0 0 0 2 0 0 1 1 0 0 0/0 11:54 0:00 0:07
Trevor Daley 0 0 0 1 2 1 1 1 0 2 0/0 20:38 2:32 2:30
Vladimir Tarasenko 0 1 1 -1 0 4 1 2 1 1 4/8 22:39 4:07 3:51
Zac Rinaldo 0 0 0 1 0 0 1 0 0 0 0/0 9:51 0:00 0:00
3 Stars
1 - David Legwand (Que)
2 - Jiri Hudler (Que)
3 - R.J. Umberger (Que)
Power Play
Blues - 1 on 4 Attempt(s) - 25.00%
Nordiques - 1 on 4 Attempt(s) - 25.00%
Penalty Kill
Blues - 3 on 4 Attempt(s) - 75.00%
- Score 0 goal in Penalty Kill
Nordiques - 3 on 4 Attempt(s) - 75.00%
- Score 0 goal in Penalty Kill
Team Stat
Blues - Hits : 17 - Faceoff Wins : 25 - Blocked Shots : 13 - Penalty Minutes : 8
Nordiques - Hits : 23 - Faceoff Wins : 38 - Blocked Shots : 10 - Penalty Minutes : 8
Official
Referees : Unknown
Linesman : Unknown
Game Notes
No Game Note
Finance
Level 1 -- Attendance: 3908 (65.13%) -- Ticket Income $488,500
Level 2 -- Attendance: 3721 (74.42%) -- Ticket Income $279,075
Level 3 -- Attendance: 1340 (67.00%) -- Ticket Income $67,000
Level 4 -- Attendance: 2696 (67.40%) -- Ticket Income $107,840
Luxury Box -- Attendance: 849 (84.90%) -- Ticket Income $161,310
Game was played at the Centre Videotron.
Total Attendance: 12514 (69.52%)
Total Ticket Income: $1,103,725
Other Income: $165,559
Total Income: $1,269,284
Blues
5 vs 5 Forward
Center Left Wing Right Wing Time % Phy DF OF
1 Nicklas Backstrom David Perron Sergei Shirokov 40 1 2 2
2 Travis Zajac Filip Forsberg Jordan Eberle 30 1 2 2
3 Riley Sheahan Simon Gagné Rickard Rakell 20 1 2 2
4 Drew Shore Linus Omark Chad Larose 10 1 2 2
5 vs 5 Defense
Defense Defense Time % Phy DF OF
1 Alex Pietrangelo Cody Ceci 40 1 2 2
2 Dougie Hamilton Jake Gardiner 30 1 2 2
3 Yann Sauvé Shayne Gostisbehere 20 1 2 2
4 Cody Ceci Jake Gardiner 10 1 2 2
PowerPlay Forward
Center Left Wing Right Wing Time % Phy DF OF
1 Nicklas Backstrom Filip Forsberg Jordan Eberle 60 1 2 2
2 Travis Zajac David Perron Sergei Shirokov 40 1 2 2
PowerPlay Defense
Defense Defense Time % Phy DF OF
1 Alex Pietrangelo Jake Gardiner 60 1 2 2
2 Shayne Gostisbehere Dougie Hamilton 40 1 2 2
Penalty Kill 4 Players Forward
Center Wing Time % Phy DF OF
1 Travis Zajac Jordan Eberle 60 1 2 2
2 Chad Larose Simon Gagné 40 1 2 2
Penalty Kill 4 Players Defense
Defense Defense Time % Phy DF OF
1 Alex Pietrangelo Cody Ceci 60 1 2 2
2 Jake Gardiner Yann Sauvé 40 1 2 2
Penalty Kill - 3 Players Forward
Forward Time % Phy DF OF
1 Chad Larose 60 1 2 2
2 Travis Zajac 40 1 2 2
Penalty Kill - 3 Players Defense
Defense Defense Time % Phy DF OF
1 Alex Pietrangelo Cody Ceci 60 1 2 2
2 Jake Gardiner Yann Sauvé 40 1 2 2
4 vs 4 Forward
Center Wing Time % Phy DF OF
1 Nicklas Backstrom David Perron 60 1 2 2
2 Travis Zajac Jordan Eberle 40 1 2 2
4 vs 4 Defense
Defense Defense Time % Phy DF OF
1 Alex Pietrangelo Dougie Hamilton 60 1 2 2
2 Jake Gardiner Shayne Gostisbehere 40 1 2 2
Last Minutes Offensive
Center Left Wing Right Wing Defense Defense
Nicklas Backstrom David Perron Jordan Eberle Alex Pietrangelo Jake Gardiner
Last Minutes Defensive
Center Left Wing Right Wing Defense Defense
Travis Zajac Linus Omark Chad Larose Yann Sauvé Cody Ceci
Goaltenders
Starting : Carey Price
Backup : Pascal Leclaire
Extra Forwards
Normal : Chad Larose, Riley Sheahan, Jordan Eberle - PP : Travis Zajac, Nicklas Backstrom - PK : Filip Forsberg
Extra Defensemen
Normal : Shayne Gostisbehere, Cody Ceci, Jake Gardiner - PP : Shayne Gostisbehere - PK : Shayne Gostisbehere, Jake Gardiner
Penalty Shots
David Perron, Jordan Eberle, Nicklas Backstrom, Travis Zajac, Linus Omark
Scratches
D.J King (Healthy)
Nordiques
5 vs 5 Forward
Center Left Wing Right Wing Time % Phy DF OF
1 David Legwand Evander Kane Vladimir Tarasenko 40 1 2 2
2 Maxim Talbot R.J. Umberger Jiri Hudler 30 1 2 2
3 Mike Fisher Zac Rinaldo Mike Brown 20 1 2 2
4 Paul Gaustad Cody McLeod Adam Pineault 10 1 2 2
5 vs 5 Defense
Defense Defense Time % Phy DF OF
1 Ryan Ellis Jay Bouwmeester 40 1 2 2
2 Fedor Tyutin Trevor Daley 30 1 2 2
3 T.J. Fast Dustin Byfuglien 20 1 2 2
4 Ryan Ellis Jay Bouwmeester 10 1 2 2
PowerPlay Forward
Center Left Wing Right Wing Time % Phy DF OF
1 David Legwand Evander Kane Vladimir Tarasenko 60 1 2 2
2 Maxim Talbot R.J. Umberger Jiri Hudler 40 1 2 2
PowerPlay Defense
Defense Defense Time % Phy DF OF
1 Ryan Ellis Jay Bouwmeester 60 1 2 2
2 Fedor Tyutin Trevor Daley 40 1 2 2
Penalty Kill 4 Players Forward
Center Wing Time % Phy DF OF
1 Vladimir Tarasenko Evander Kane 60 1 2 2
2 David Legwand R.J. Umberger 40 1 2 2
Penalty Kill 4 Players Defense
Defense Defense Time % Phy DF OF
1 Ryan Ellis Jay Bouwmeester 60 1 2 2
2 Fedor Tyutin Trevor Daley 40 1 2 2
Penalty Kill - 3 Players Forward
Forward Time % Phy DF OF
1 Vladimir Tarasenko 60 1 2 2
2 Evander Kane 40 1 2 2
Penalty Kill - 3 Players Defense
Defense Defense Time % Phy DF OF
1 Ryan Ellis Jay Bouwmeester 60 1 2 2
2 Fedor Tyutin Trevor Daley 40 1 2 2
4 vs 4 Forward
Center Wing Time % Phy DF OF
1 Vladimir Tarasenko Evander Kane 60 1 2 2
2 David Legwand R.J. Umberger 40 1 2 2
4 vs 4 Defense
Defense Defense Time % Phy DF OF
1 Ryan Ellis Jay Bouwmeester 60 1 2 2
2 Fedor Tyutin Trevor Daley 40 1 2 2
Last Minutes Offensive
Center Left Wing Right Wing Defense Defense
David Legwand Evander Kane Vladimir Tarasenko Ryan Ellis Jay Bouwmeester
Last Minutes Defensive
Center Left Wing Right Wing Defense Defense
David Legwand Evander Kane Vladimir Tarasenko Ryan Ellis Jay Bouwmeester
Goaltenders
Starting : Jonathan Quick
Backup : Julien Ellis
Extra Forwards
Normal : Mike Brown, Adam Pineault, Mike Fisher - PP : Mike Brown, Adam Pineault - PK : Mike Fisher
Extra Defensemen
Normal : T.J. Fast, Dustin Byfuglien, Fedor Tyutin - PP : T.J. Fast - PK : Dustin Byfuglien, Fedor Tyutin
Penalty Shots
Vladimir Tarasenko, Evander Kane, David Legwand, R.J. Umberger, Jiri Hudler
Scratches
Matt Gilroy (Healthy), James Sheppard (Healthy)
% Time on Ice - Blues
Lines # - Real PCT - Wanted PCT - Time Play
Normal Forward
1 - 39% - 40% - 18:16
2 - 25% - 30% - 11:34
3 - 21% - 20% - 9:48
4 - 15% - 10% - 7:12
Normal Defense
1 - 42% - 40% - 19:50
2 - 31% - 30% - 14:21
3 - 22% - 20% - 10:28
4 - 5% - 10% - 2:11
PP Forward
1 - 60% - 60% - 3:58
2 - 40% - 40% - 2:40
PP Defense
1 - 61% - 60% - 4:03
2 - 39% - 40% - 2:35
PK Forward
1 - 78% - 60% - 5:06
2 - 22% - 40% - 1:26
PK Defense
1 - 63% - 60% - 4:06
2 - 37% - 40% - 2:26
PK3 Forward
1 - 0% - 60%
2 - 0% - 40%
PK3 Defense
1 - 0% - 60%
2 - 0% - 40%
44 Forward
1 - 0% - 60%
2 - 0% - 40%
44 Defense
1 - 0% - 60%
2 - 0% - 40%
Last Minute Offensive - 0:00
Last Minute Defensive - 0:00
Total
Forward - 60:00
Defense - 60:00
|
% Time on Ice - Nordiques
Lines # - Real PCT - Wanted PCT - Time Play
Normal Forward
1 - 32% - 40% - 14:51
2 - 26% - 30% - 12:18
3 - 21% - 20% - 9:51
4 - 21% - 10% - 9:50
Normal Defense
1 - 39% - 40% - 18:19
2 - 33% - 30% - 15:37
3 - 25% - 20% - 11:35
4 - 3% - 10% - 1:19
PP Forward
1 - 63% - 60% - 4:07
2 - 37% - 40% - 2:25
PP Defense
1 - 61% - 60% - 4:00
2 - 39% - 40% - 2:32
PK Forward
1 - 78% - 60% - 5:10
2 - 22% - 40% - 1:28
PK Defense
1 - 61% - 60% - 4:02
2 - 39% - 40% - 2:36
PK3 Forward
1 - 0% - 60%
2 - 0% - 40%
PK3 Defense
1 - 0% - 60%
2 - 0% - 40%
44 Forward
1 - 0% - 60%
2 - 0% - 40%
44 Defense
1 - 0% - 60%
2 - 0% - 40%
Last Minute Offensive - 0:00
Last Minute Defensive - 0:00
Total
Forward - 60:00
Defense - 60:00
|
Play-by-Play
1st period
0:01 of 1st period - David Legwand wins face-off versus Nicklas Backstrom in neutral zone.
1:16 of 1st period - Shayne Gostisbehere is hit by Dustin Byfuglien and loses puck.
1:27 of 1st period - Shayne Gostisbehere is hit by Adam Pineault and loses puck.
2:29 of 1st period - Snap shot by Linus Omark.
2:29 of 1st period - Shot Misses the Net.
2:31 of 1st period - Snap shot by Linus Omark.
2:31 of 1st period - Stopped by Jonathan Quick without a rebound.
2:32 of 1st period - Nicklas Backstrom wins face-off versus David Legwand in Nordiques zone.
4:26 of 1st period - Dougie Hamilton is hit by Zac Rinaldo and loses puck.
5:34 of 1st period - Trevor Daley is hit by David Perron.
5:51 of 1st period - Vladimir Tarasenko is hit by Jake Gardiner and loses puck.
6:06 of 1st period - Snap shot by Vladimir Tarasenko.
6:06 of 1st period - Stopped by Carey Price without a rebound.
6:07 of 1st period - Travis Zajac wins face-off versus Maxim Talbot in Blues zone.
6:23 of 1st period - Wrist shot by R.J. Umberger.
6:23 of 1st period - Shot Blocked by Jake Gardiner.
6:37 of 1st period - Jordan Eberle is hit by T.J. Fast and loses puck.
7:25 of 1st period - Wrist shot by Sergei Shirokov.
7:25 of 1st period - Shot Blocked by Mike Brown.
7:31 of 1st period - Snap shot by Ryan Ellis.
7:31 of 1st period - Stopped by Carey Price without a rebound.
7:32 of 1st period - Nicklas Backstrom wins face-off versus Maxim Talbot in Blues zone.
7:49 of 1st period - Snap shot by David Perron.
7:49 of 1st period - Stopped by Jonathan Quick without a rebound.
7:50 of 1st period - David Legwand wins face-off versus Riley Sheahan in Nordiques zone.
7:52 of 1st period - Minor Penalty to Jay Bouwmeester for Holding.
7:53 of 1st period - Vladimir Tarasenko wins face-off versus Nicklas Backstrom in Nordiques zone.
9:52 of 1st period - Penalty to Jay Bouwmeester is over, Jay Bouwmeester is back on ice.
10:43 of 1st period - Yann Sauvé is hit by R.J. Umberger.
10:49 of 1st period - Maxim Talbot is hit by Chad Larose and loses puck.
11:08 of 1st period - Jake Gardiner is hit by Fedor Tyutin.
11:46 of 1st period - Adam Pineault is hit by Drew Shore and loses puck.
11:59 of 1st period - Jay Bouwmeester is hit by Sergei Shirokov.
12:15 of 1st period - Vladimir Tarasenko is hit by Simon Gagné and loses puck.
12:20 of 1st period - Slapshot by Jake Gardiner.
12:20 of 1st period - Deflect By T.J. Fast.
12:20 of 1st period - Stopped by Jonathan Quick with a rebound.
13:00 of 1st period - Snap shot by Nicklas Backstrom.
13:00 of 1st period - Stopped by Jonathan Quick with a rebound.
13:06 of 1st period - David Perron is hit by Trevor Daley and loses puck.
13:17 of 1st period - Yann Sauvé is hit by Paul Gaustad and loses puck.
13:26 of 1st period - Slapshot by Paul Gaustad.
13:26 of 1st period - Shot Blocked by Simon Gagné.
13:43 of 1st period - Slapshot by Alex Pietrangelo.
13:43 of 1st period - Shot Blocked by Ryan Ellis.
13:58 of 1st period - Mike Fisher is hit by Filip Forsberg and loses puck.
14:46 of 1st period - Snap shot by Travis Zajac.
14:46 of 1st period - Shot Blocked by Evander Kane.
15:35 of 1st period - Slapshot by Nicklas Backstrom.
15:35 of 1st period - Shot Blocked by T.J. Fast.
16:15 of 1st period - Snap shot by Zac Rinaldo.
16:15 of 1st period - Shot Blocked by Cody Ceci.
16:17 of 1st period - Snap shot by Dustin Byfuglien.
16:17 of 1st period - Shot Misses the Net.
16:30 of 1st period - Icing by Filip Forsberg.
16:31 of 1st period - Nicklas Backstrom wins face-off versus Cody McLeod in Blues zone.
16:38 of 1st period - Nicklas Backstrom is hit by Fedor Tyutin and loses puck.
16:47 of 1st period - Snap shot by David Perron.
16:47 of 1st period - Stopped by Jonathan Quick without a rebound.
16:48 of 1st period - David Legwand wins face-off versus Travis Zajac in Nordiques zone.
17:28 of 1st period - Icing by Fedor Tyutin.
17:29 of 1st period - Maxim Talbot wins face-off versus Travis Zajac in Nordiques zone.
17:29 of 1st period - Maxim Talbot is hit by Filip Forsberg.
17:49 of 1st period - Snap shot by Jiri Hudler.
17:49 of 1st period - Goal by Jiri Hudler - Blues : 0 - Nordiques : 1.
17:50 of 1st period - David Legwand wins face-off versus Nicklas Backstrom in neutral zone.
18:05 of 1st period - Snap shot by Vladimir Tarasenko.
18:05 of 1st period - Stopped by Carey Price without a rebound.
18:06 of 1st period - Maxim Talbot wins face-off versus Nicklas Backstrom in Blues zone.
18:31 of 1st period - Jordan Eberle is hit by Evander Kane.
19:48 of 1st period - Snap shot by Chad Larose.
19:48 of 1st period - Stopped by Jonathan Quick with a rebound.
19:50 of 1st period - Wrist shot by Drew Shore.
19:50 of 1st period - Deflect By Jay Bouwmeester.
19:50 of 1st period - Stopped by Jonathan Quick with a rebound.
Goals for this period are 0 for Blues vs 1 for Nordiques.
Shots for this period are 7 for Blues vs 4 for Nordiques.
2nd period
0:01 of 2nd period - David Legwand wins face-off versus Nicklas Backstrom in neutral zone.
0:04 of 2nd period - Slapshot by Ryan Ellis.
0:04 of 2nd period - Stopped by Carey Price with a rebound.
0:25 of 2nd period - Icing by Alex Pietrangelo.
0:26 of 2nd period - Maxim Talbot wins face-off versus Nicklas Backstrom in Blues zone.
0:29 of 2nd period - Snap shot by R.J. Umberger.
0:29 of 2nd period - Goal by R.J. Umberger - Blues : 0 - Nordiques : 2.
0:30 of 2nd period - David Legwand wins face-off versus Nicklas Backstrom in neutral zone.
0:41 of 2nd period - Snap shot by Vladimir Tarasenko.
0:41 of 2nd period - Deflect By David Legwand.
0:41 of 2nd period - Goal by David Legwand - Blues : 0 - Nordiques : 3.
0:42 of 2nd period - Nicklas Backstrom wins face-off versus David Legwand in neutral zone.
1:11 of 2nd period - Snap shot by Jordan Eberle.
1:11 of 2nd period - Stopped by Jonathan Quick with a rebound.
1:16 of 2nd period - Icing by R.J. Umberger.
1:17 of 2nd period - Maxim Talbot wins face-off versus Nicklas Backstrom in Nordiques zone.
1:28 of 2nd period - Snap shot by R.J. Umberger.
1:28 of 2nd period - Deflect By Jake Gardiner.
1:28 of 2nd period - Shot Misses the Net.
1:28 of 2nd period - Puck is out of play.
1:29 of 2nd period - David Legwand wins face-off versus Nicklas Backstrom in Blues zone.
1:43 of 2nd period - Minor Penalty to David Perron for Roughing.
1:44 of 2nd period - David Legwand wins face-off versus Travis Zajac in Blues zone.
1:46 of 2nd period - Snap shot by Evander Kane.
1:46 of 2nd period - Stopped by Carey Price with a rebound.
1:50 of 2nd period - Slapshot by Ryan Ellis.
1:50 of 2nd period - Deflect By Jordan Eberle.
1:50 of 2nd period - Stopped by Carey Price with a rebound.
1:52 of 2nd period - Wrist shot by Evander Kane.
1:52 of 2nd period - Stopped by Carey Price with a rebound.
1:54 of 2nd period - Slapshot by Jay Bouwmeester.
1:54 of 2nd period - Shot Blocked by Alex Pietrangelo.
1:58 of 2nd period - Wrist shot by David Legwand.
1:58 of 2nd period - Shot Misses the Net.
2:00 of 2nd period - Slapshot by Ryan Ellis.
2:00 of 2nd period - Shot Misses the Net.
3:32 of 2nd period - Jordan Eberle is hit by Jiri Hudler and loses puck.
3:43 of 2nd period - Penalty to David Perron is over, David Perron is back on ice.
3:51 of 2nd period - Wrist shot by David Perron.
3:51 of 2nd period - Stopped by Jonathan Quick without a rebound.
3:52 of 2nd period - Mike Fisher wins face-off versus Nicklas Backstrom in Nordiques zone.
3:57 of 2nd period - Alex Pietrangelo is hit by Mike Brown and loses puck.
4:24 of 2nd period - Icing by Adam Pineault.
4:25 of 2nd period - Paul Gaustad wins face-off versus Drew Shore in Nordiques zone.
4:32 of 2nd period - Jake Gardiner is hit by Cody McLeod and loses puck.
4:40 of 2nd period - Slapshot by Trevor Daley.
4:40 of 2nd period - Shot Blocked by Jake Gardiner.
4:50 of 2nd period - Maxim Talbot is hit by Dougie Hamilton and loses puck.
5:45 of 2nd period - Wrist shot by Riley Sheahan.
5:45 of 2nd period - Deflect By Simon Gagné.
5:45 of 2nd period - Stopped by Jonathan Quick without a rebound.
5:46 of 2nd period - Maxim Talbot wins face-off versus Nicklas Backstrom in Nordiques zone.
6:23 of 2nd period - Snap shot by Fedor Tyutin.
6:23 of 2nd period - Stopped by Carey Price with a rebound.
6:31 of 2nd period - Slapshot by Nicklas Backstrom.
6:31 of 2nd period - Shot Blocked by Jiri Hudler.
6:33 of 2nd period - Snap shot by David Perron.
6:33 of 2nd period - Stopped by Jonathan Quick without a rebound.
6:34 of 2nd period - David Legwand wins face-off versus Travis Zajac in Nordiques zone.
6:47 of 2nd period - Wrist shot by Evander Kane.
6:47 of 2nd period - Deflect By Vladimir Tarasenko.
6:47 of 2nd period - Shot Blocked by Dougie Hamilton.
6:47 of 2nd period - Puck is out of play.
6:48 of 2nd period - Travis Zajac wins face-off versus David Legwand in Blues zone.
6:58 of 2nd period - Snap shot by Jake Gardiner.
6:58 of 2nd period - Shot Misses the Net.
7:00 of 2nd period - Wrist shot by Travis Zajac.
7:00 of 2nd period - Goal by Travis Zajac - Blues : 1 - Nordiques : 3.
7:01 of 2nd period - David Legwand wins face-off versus Nicklas Backstrom in neutral zone.
7:12 of 2nd period - Wrist shot by Cody Ceci.
7:12 of 2nd period - Shot Blocked by Vladimir Tarasenko.
7:14 of 2nd period - Snap shot by Nicklas Backstrom.
7:14 of 2nd period - Stopped by Jonathan Quick with a rebound.
7:16 of 2nd period - Slapshot by Nicklas Backstrom.
7:16 of 2nd period - Shot Misses the Net.
7:18 of 2nd period - Wrist shot by Sergei Shirokov.
7:18 of 2nd period - Stopped by Jonathan Quick without a rebound.
7:19 of 2nd period - Travis Zajac wins face-off versus Maxim Talbot in Nordiques zone.
7:20 of 2nd period - Snap shot by Filip Forsberg.
7:20 of 2nd period - Stopped by Jonathan Quick with a rebound.
8:24 of 2nd period - Minor Penalty to Simon Gagné for Tripping.
8:25 of 2nd period - David Legwand wins face-off versus Travis Zajac in Blues zone.
8:33 of 2nd period - Icing by Vladimir Tarasenko.
8:34 of 2nd period - David Legwand wins face-off versus Travis Zajac in Nordiques zone.
9:13 of 2nd period - Snap shot by Vladimir Tarasenko.
9:13 of 2nd period - Shot Misses the Net.
9:15 of 2nd period - Wrist shot by Vladimir Tarasenko.
9:15 of 2nd period - Shot Misses the Net.
9:21 of 2nd period - Slapshot by Evander Kane.
9:21 of 2nd period - Stopped by Carey Price with a rebound.
9:23 of 2nd period - Slapshot by Ryan Ellis.
9:23 of 2nd period - Stopped by Carey Price without a rebound.
9:24 of 2nd period - Chad Larose wins face-off versus Maxim Talbot in Blues zone.
9:37 of 2nd period - Snap shot by R.J. Umberger.
9:37 of 2nd period - Shot Blocked by Jake Gardiner.
9:39 of 2nd period - Slapshot by Maxim Talbot.
9:39 of 2nd period - Stopped by Carey Price with a rebound.
9:41 of 2nd period - Slapshot by Trevor Daley.
9:41 of 2nd period - Stopped by Carey Price with a rebound.
10:01 of 2nd period - Cody Ceci is hit by Vladimir Tarasenko.
10:24 of 2nd period - Penalty to Simon Gagné is over, Simon Gagné is back on ice.
11:38 of 2nd period - Travis Zajac is hit by Maxim Talbot and loses puck.
12:08 of 2nd period - Snap shot by Filip Forsberg.
12:08 of 2nd period - Shot Blocked by Trevor Daley.
12:29 of 2nd period - Adam Pineault is hit by Riley Sheahan and loses puck.
14:06 of 2nd period - Jiri Hudler is hit by Travis Zajac and loses puck.
14:20 of 2nd period - Minor Penalty to Sergei Shirokov for High sticking.
14:21 of 2nd period - David Legwand wins face-off versus Travis Zajac in Blues zone.
14:25 of 2nd period - Slapshot by Vladimir Tarasenko.
14:25 of 2nd period - Shot Misses the Net.
14:27 of 2nd period - Wrist shot by Evander Kane.
14:27 of 2nd period - Stopped by Carey Price without a rebound.
14:28 of 2nd period - Travis Zajac wins face-off versus David Legwand in Blues zone.
14:41 of 2nd period - Slapshot by Evander Kane.
14:41 of 2nd period - Stopped by Carey Price without a rebound.
14:42 of 2nd period - David Legwand wins face-off versus Travis Zajac in Blues zone.
15:15 of 2nd period - Slapshot by Simon Gagné.
15:15 of 2nd period - Stopped by Jonathan Quick with a rebound.
16:20 of 2nd period - Penalty to Sergei Shirokov is over, Sergei Shirokov is back on ice.
18:30 of 2nd period - Snap shot by Drew Shore.
18:30 of 2nd period - Stopped by Jonathan Quick with a rebound.
18:32 of 2nd period - Wrist shot by Linus Omark.
18:32 of 2nd period - Stopped by Jonathan Quick without a rebound.
18:33 of 2nd period - Paul Gaustad wins face-off versus Nicklas Backstrom in Nordiques zone.
18:42 of 2nd period - Paul Gaustad is hit by Nicklas Backstrom and loses puck.
18:46 of 2nd period - Icing by Trevor Daley.
18:47 of 2nd period - Paul Gaustad wins face-off versus Nicklas Backstrom in Nordiques zone.
18:58 of 2nd period - Paul Gaustad is hit by Alex Pietrangelo and loses puck.
19:38 of 2nd period - Wrist shot by R.J. Umberger.
19:38 of 2nd period - Stopped by Carey Price without a rebound.
19:39 of 2nd period - Riley Sheahan wins face-off versus Maxim Talbot in Blues zone.
19:46 of 2nd period - Slapshot by Dougie Hamilton.
19:46 of 2nd period - Shot Misses the Net.
Goals for this period are 1 for Blues vs 2 for Nordiques.
Shots for this period are 11 for Blues vs 14 for Nordiques.
3rd period
0:01 of 3rd period - David Legwand wins face-off versus Nicklas Backstrom in neutral zone.
0:01 of 3rd period - David Legwand is hit by Alex Pietrangelo.
0:10 of 3rd period - Icing by Cody Ceci.
0:11 of 3rd period - David Legwand wins face-off versus Nicklas Backstrom in Blues zone.
0:12 of 3rd period - Wrist shot by Evander Kane.
0:12 of 3rd period - Stopped by Carey Price without a rebound.
0:13 of 3rd period - Nicklas Backstrom wins face-off versus David Legwand in Blues zone.
0:22 of 3rd period - Wrist shot by David Perron.
0:22 of 3rd period - Goal by David Perron - Blues : 2 - Nordiques : 3.
0:23 of 3rd period - David Legwand wins face-off versus Nicklas Backstrom in neutral zone.
0:26 of 3rd period - Backhand shot by Ryan Ellis.
0:26 of 3rd period - Shot Blocked by Alex Pietrangelo.
0:28 of 3rd period - Wrist shot by Vladimir Tarasenko.
0:28 of 3rd period - Shot Misses the Net.
0:30 of 3rd period - Slapshot by Jay Bouwmeester.
0:30 of 3rd period - Stopped by Carey Price with a rebound.
0:32 of 3rd period - Snap shot by Evander Kane.
0:32 of 3rd period - Stopped by Carey Price with a rebound.
0:40 of 3rd period - Slapshot by Vladimir Tarasenko.
0:40 of 3rd period - Stopped by Carey Price with a rebound.
1:09 of 3rd period - Icing by Nicklas Backstrom.
1:10 of 3rd period - Maxim Talbot wins face-off versus Nicklas Backstrom in Blues zone.
1:24 of 3rd period - Cody Ceci is hit by David Legwand and loses puck.
1:37 of 3rd period - Alex Pietrangelo is hit by Ryan Ellis and loses puck.
1:42 of 3rd period - Snap shot by Mike Fisher.
1:42 of 3rd period - Shot Blocked by Nicklas Backstrom.
2:45 of 3rd period - Mike Fisher is hit by Rickard Rakell and loses puck.
4:11 of 3rd period - Zac Rinaldo is hit by Linus Omark and loses puck.
4:29 of 3rd period - Off-side.
4:30 of 3rd period - Drew Shore wins face-off versus Paul Gaustad in neutral zone.
4:32 of 3rd period - Off-side.
4:33 of 3rd period - Drew Shore wins face-off versus Paul Gaustad in neutral zone.
5:29 of 3rd period - Slapshot by Riley Sheahan.
5:29 of 3rd period - Deflect By Simon Gagné.
5:29 of 3rd period - Shot Misses the Net.
5:29 of 3rd period - Puck is out of play.
5:30 of 3rd period - David Legwand wins face-off versus Nicklas Backstrom in Nordiques zone.
5:35 of 3rd period - Nicklas Backstrom is hit by Evander Kane and loses puck.
5:56 of 3rd period - Jordan Eberle is hit by Jiri Hudler and loses puck.
6:13 of 3rd period - Minor Penalty to Maxim Talbot for Hooking.
6:14 of 3rd period - Vladimir Tarasenko wins face-off versus Nicklas Backstrom in Nordiques zone.
6:27 of 3rd period - Slapshot by Alex Pietrangelo.
6:27 of 3rd period - Deflect By Evander Kane.
6:27 of 3rd period - Stopped by Jonathan Quick without a rebound.
6:28 of 3rd period - Vladimir Tarasenko wins face-off versus Nicklas Backstrom in Nordiques zone.
8:13 of 3rd period - Penalty to Maxim Talbot is over, Maxim Talbot is back on ice.
8:39 of 3rd period - Wrist shot by Vladimir Tarasenko.
8:39 of 3rd period - Shot Misses the Net.
8:41 of 3rd period - Wrist shot by Mike Fisher.
8:41 of 3rd period - Shot Misses the Net.
8:43 of 3rd period - Snap shot by Mike Brown.
8:43 of 3rd period - Stopped by Carey Price without a rebound.
8:44 of 3rd period - Riley Sheahan wins face-off versus Mike Fisher in Blues zone.
8:48 of 3rd period - Dougie Hamilton is hit by Jay Bouwmeester.
8:58 of 3rd period - Snap shot by Riley Sheahan.
8:58 of 3rd period - Stopped by Jonathan Quick with a rebound.
9:16 of 3rd period - Snap shot by Zac Rinaldo.
9:16 of 3rd period - Shot Blocked by Sergei Shirokov.
9:18 of 3rd period - Snap shot by Zac Rinaldo.
9:18 of 3rd period - Shot Misses the Net.
9:24 of 3rd period - Slapshot by Mike Brown.
9:24 of 3rd period - Shot Misses the Net.
9:26 of 3rd period - Snap shot by Mike Fisher.
9:26 of 3rd period - Goal by Mike Fisher - Blues : 2 - Nordiques : 4.
9:27 of 3rd period - Nicklas Backstrom wins face-off versus David Legwand in neutral zone.
9:47 of 3rd period - Icing by Sergei Shirokov.
9:48 of 3rd period - Nicklas Backstrom wins face-off versus Maxim Talbot in Blues zone.
9:48 of 3rd period - Nicklas Backstrom is hit by R.J. Umberger.
9:57 of 3rd period - Minor Penalty to Trevor Daley for High sticking.
9:58 of 3rd period - Nicklas Backstrom wins face-off versus Vladimir Tarasenko in Nordiques zone.
9:58 of 3rd period - Slapshot by Alex Pietrangelo.
9:58 of 3rd period - Shot Misses the Net.
10:00 of 3rd period - Slapshot by Alex Pietrangelo.
10:00 of 3rd period - Deflect By Nicklas Backstrom.
10:00 of 3rd period - Shot Misses the Net.
10:00 of 3rd period - Puck is out of play.
10:01 of 3rd period - Nicklas Backstrom wins face-off versus Vladimir Tarasenko in Nordiques zone.
10:02 of 3rd period - Slapshot by Alex Pietrangelo.
10:02 of 3rd period - Shot Misses the Net.
10:04 of 3rd period - Slapshot by Jake Gardiner.
10:04 of 3rd period - Shot Blocked by Jay Bouwmeester.
10:06 of 3rd period - Slapshot by Alex Pietrangelo.
10:06 of 3rd period - Stopped by Jonathan Quick without a rebound.
10:07 of 3rd period - Nicklas Backstrom wins face-off versus Vladimir Tarasenko in Nordiques zone.
10:30 of 3rd period - Slapshot by Alex Pietrangelo.
10:30 of 3rd period - Stopped by Jonathan Quick with a rebound.
10:32 of 3rd period - Backhand shot by Nicklas Backstrom.
10:32 of 3rd period - Deflect By Filip Forsberg.
10:32 of 3rd period - Stopped by Jonathan Quick without a rebound.
10:33 of 3rd period - Travis Zajac wins face-off versus Vladimir Tarasenko in Nordiques zone.
10:34 of 3rd period - Slapshot by Alex Pietrangelo.
10:34 of 3rd period - Deflect By Evander Kane.
10:34 of 3rd period - Stopped by Jonathan Quick with a rebound.
10:38 of 3rd period - Wrist shot by David Perron.
10:38 of 3rd period - Goal by David Perron - Blues : 3 - Nordiques : 4.
10:39 of 3rd period - Travis Zajac wins face-off versus David Legwand in neutral zone.
11:47 of 3rd period - Drew Shore is hit by Adam Pineault.
11:51 of 3rd period - Chad Larose is hit by Paul Gaustad and loses puck.
12:17 of 3rd period - Snap shot by Vladimir Tarasenko.
12:17 of 3rd period - Stopped by Carey Price without a rebound.
12:18 of 3rd period - David Legwand wins face-off versus Travis Zajac in Blues zone.
12:21 of 3rd period - Snap shot by Evander Kane.
12:21 of 3rd period - Stopped by Carey Price with a rebound.
12:35 of 3rd period - Wrist shot by Filip Forsberg.
12:35 of 3rd period - Shot Blocked by Vladimir Tarasenko.
13:01 of 3rd period - Minor Penalty to Nicklas Backstrom for Holding.
13:02 of 3rd period - David Legwand wins face-off versus Travis Zajac in Blues zone.
13:02 of 3rd period - Snap shot by Evander Kane.
13:02 of 3rd period - Shot Blocked by Travis Zajac.
13:04 of 3rd period - Slapshot by Ryan Ellis.
13:04 of 3rd period - Stopped by Carey Price with a rebound.
13:06 of 3rd period - Wrist shot by Evander Kane.
13:06 of 3rd period - Shot Misses the Net.
13:08 of 3rd period - Slapshot by Jay Bouwmeester.
13:08 of 3rd period - Shot Blocked by Jordan Eberle.
13:10 of 3rd period - Backhand shot by Jay Bouwmeester.
13:10 of 3rd period - Stopped by Carey Price without a rebound.
13:11 of 3rd period - David Legwand wins face-off versus Travis Zajac in Blues zone.
13:30 of 3rd period - Wrist shot by Evander Kane.
13:30 of 3rd period - Shot Misses the Net.
13:32 of 3rd period - Snap shot by Evander Kane.
13:32 of 3rd period - Shot Blocked by Alex Pietrangelo.
13:34 of 3rd period - Slapshot by Ryan Ellis.
13:34 of 3rd period - Stopped by Carey Price with a rebound.
13:36 of 3rd period - Wrist shot by David Legwand.
13:36 of 3rd period - Goal by David Legwand - Blues : 3 - Nordiques : 5.
13:37 of 3rd period - David Legwand wins face-off versus Nicklas Backstrom in neutral zone.
14:14 of 3rd period - Snap shot by Maxim Talbot.
14:14 of 3rd period - Stopped by Carey Price without a rebound.
14:15 of 3rd period - David Legwand wins face-off versus Nicklas Backstrom in Blues zone.
14:28 of 3rd period - Slapshot by David Perron.
14:28 of 3rd period - Stopped by Jonathan Quick with a rebound.
14:46 of 3rd period - Snap shot by Riley Sheahan.
14:46 of 3rd period - Stopped by Jonathan Quick with a rebound.
14:48 of 3rd period - Snap shot by Riley Sheahan.
14:48 of 3rd period - Shot Misses the Net.
14:50 of 3rd period - Snap shot by Yann Sauvé.
14:50 of 3rd period - Stopped by Jonathan Quick with a rebound.
14:52 of 3rd period - Wrist shot by Simon Gagné.
14:52 of 3rd period - Shot Misses the Net.
14:54 of 3rd period - Slapshot by Rickard Rakell.
14:54 of 3rd period - Stopped by Jonathan Quick without a rebound.
14:55 of 3rd period - Jordan Eberle wins face-off versus Maxim Talbot in Nordiques zone.
15:42 of 3rd period - Off-side.
15:43 of 3rd period - Nicklas Backstrom wins face-off versus Cody McLeod in neutral zone.
15:56 of 3rd period - Snap shot by Nicklas Backstrom.
15:56 of 3rd period - Stopped by Jonathan Quick with a rebound.
15:58 of 3rd period - Slapshot by Alex Pietrangelo.
15:58 of 3rd period - Deflect By Cody McLeod.
15:58 of 3rd period - Stopped by Jonathan Quick with a rebound.
16:51 of 3rd period - Icing by Dustin Byfuglien.
16:52 of 3rd period - Riley Sheahan wins face-off versus Paul Gaustad in Nordiques zone.
16:53 of 3rd period - Slapshot by Jake Gardiner.
16:53 of 3rd period - Stopped by Jonathan Quick without a rebound.
16:54 of 3rd period - Riley Sheahan wins face-off versus Mike Fisher in Nordiques zone.
16:55 of 3rd period - Snap shot by Simon Gagné.
16:55 of 3rd period - Shot Blocked by Jay Bouwmeester.
16:57 of 3rd period - Wrist shot by Rickard Rakell.
16:57 of 3rd period - Stopped by Jonathan Quick with a rebound.
17:40 of 3rd period - Snap shot by Riley Sheahan.
17:40 of 3rd period - Stopped by Jonathan Quick with a rebound.
17:42 of 3rd period - Slapshot by Dougie Hamilton.
17:42 of 3rd period - Stopped by Jonathan Quick without a rebound.
17:43 of 3rd period - Mike Fisher wins face-off versus Travis Zajac in Nordiques zone.
17:45 of 3rd period - Minor Penalty to Mike Brown for Slashing.
17:46 of 3rd period - Vladimir Tarasenko wins face-off versus Nicklas Backstrom in Nordiques zone.
19:36 of 3rd period - Ryan Ellis is hit by Filip Forsberg and loses puck.
19:45 of 3rd period - Penalty to Mike Brown is over, Mike Brown is back on ice.
Goals for this period are 2 for Blues vs 2 for Nordiques.
Shots for this period are 18 for Blues vs 13 for Nordiques.
Back to the Top